 Dungeon Crawl Stone Soup version 0.31.0-4-g52a2dc7128 (webtiles) character file.

Game seed: 13699171943942623245

241773 GordonOverkill the Gelid (level 19, -25/152 HPs)
             Began as a Vampire Fire Elementalist on Jan 22, 2024.
             Was the Champion of Vehumet.
             Killed from afar by Jory (93 damage)
             ... with a crystal spear
             ... on level 3 of the Vaults.
             The game lasted 02:42:11 (58995 turns).

GordonOverkill the Gelid (VpFE)                    Turns: 58995, Time: 02:42:11

Health: -25/152    AC: 17    Str:  6    XL:     19   Next: 8%
Magic:  28/36      EV: 13    Int: 25    God:    Vehumet [******]
Gold:   728        SH:  9    Dex: 15    Spells: 5/44 levels left

rFire   + + .        s - +7 sling of Inumn {heavy, rF++ rC++ Str-4}
rCold   + + .        i - +3 buckler {reflect}
rNeg    + . .        j - +2 robe {Will+}
rPois   +            C - +2 helmet
rElec   .            R - +2 cloak
rCorr   .            y - +3 pair of gauntlets of War {Slay+5}
SInv    +            g - +2 pair of boots of the Dwarven Hall {+Inv rPois Str+3}
Will    +++..        e - amulet of magic regeneration
Stlth   +            T - ring of Zin's Condemnation {Fly rPois rN+ Will+ Stlth-}
HPRegen 0.65/turn    v - ring of wizardry
MPRegen 0.65/turn

%: reflection, wizardry (x1)
@: in a vortex, flying, healing quickly
A: alive, fangs 3, see invisible, vampiric 2
}: 1/15 runes: serpentine
a: Exsanguinate, Renounce Religion, Evoke Invisibility


You were on level 3 of the Vaults.
You worshipped Vehumet.
Vehumet was exalted by your worship.
You visited 7 branches of the dungeon, and saw 30 of its levels.
You also visited: Sewer, Ice Cave and Volcano.

You collected 4252 gold pieces.
You spent 3524 gold pieces at shops.

Inventory:

Hand Weapons
 s - the +7 sling of Inumn (weapon) {heavy, rF++ rC++ Str-4}
   (You found it on level 4 of the Dungeon)

   Str-4:     It affects your strength (-4).
   rF++:      It greatly protects you from fire.
   rC++:      It greatly protects you from cold.
 M - a +9 dagger of protection
Missiles
 K - a curare-tipped dart
Armour
 g - the +2 pair of boots of the Dwarven Hall (worn) {+Inv rPois Str+3}
   (You bought it in a shop on level 8 of the Dungeon)

   Str+3:     It affects your strength (+3).
   rPois:     It protects you from poison +Inv: It lets you turn invisible.
 i - a +3 buckler of reflection (worn)
 j - a +2 robe of willpower (worn)
 l - a +2 robe of cold resistance
 y - the +3 pair of gauntlets of War (worn) {Slay+5}
   (You found it on level 4 of the Snake Pit)

   Slay+5:    It affects your accuracy & damage with ranged weapons and melee
   (+5).
 C - a +2 helmet (worn)
 R - a +2 cloak (worn)
Jewellery
 e - an amulet of magic regeneration (around neck)
 h - a +6 ring of intelligence
 v - a ring of wizardry (right hand)
 w - an amulet of faith
 z - the ring "Ixig" {rElec EV+5 Slay+3}
   (You took it off a yaktaur on level 12 of the Dungeon)

   [ring of evasion]

   EV+5:      It affects your evasion (+5).
   Slay+3:    It affects your accuracy & damage with ranged weapons and melee
   (+3).
   rElec:     It insulates you from electricity.
 Q - the ring "Qisod" {rF+ EV+5}
   (You took it off a centaur warrior on level 12 of the Dungeon)

   [ring of evasion]

   EV+5:      It affects your evasion (+5).
   rF+:       It protects you from fire.
 T - the ring of Zin's Condemnation (left hand) {Fly rPois rN+ Will+ Stlth-}
   (You found it on level 12 of the Dungeon)

   [ring of flight]

   rPois:     It protects you from poison rN+: It protects you from negative
   energy.
   Will+:     It increases your willpower.
   Fly:       It grants you flight.
   Stlth-:    It makes you less stealthy.
 Y - the ring of Zaisaet {rPois rN+ MP+9 Int+5}
   (You bought it in a shop on level 8 of the Dungeon)

   [ring of magical power]

   Int+5:     It affects your intelligence (+5).
   rPois:     It protects you from poison rN+: It protects you from negative
   energy.
   MP+9:      It affects your magic capacity (+9).
Wands
 f - a wand of light (6)
 p - a wand of polymorph (27)
 G - a wand of paralysis (12)
 H - a wand of flame (27)
 P - a wand of digging (5)
 S - a wand of roots (5)
Scrolls
 b - 5 scrolls of revelation
 m - a scroll of poison
 q - 14 scrolls of identify
 r - a scroll of enchant armour
 t - 3 scrolls of vulnerability
 D - 3 scrolls of immolation
 J - a scroll of fear
 N - a scroll of amnesia
 O - 8 scrolls of teleportation
Potions
 a - a potion of berserk rage
 d - a potion of curing
 k - 5 potions of brilliance
 n - 4 potions of cancellation
 o - a potion of magic
 u - 4 potions of mutation
 x - 2 potions of might
 B - 3 potions of invisibility
 E - 6 potions of lignification
 F - 2 potions of ambrosia
 V - 5 potions of enlightenment
Miscellaneous
 I - a lightning rod (4/4)
 L - a sack of spiders (inert)
 W - a phial of floods


   Skills:
 - Level 14.0 Fighting
 - Level 5.0 Dodging
 - Level 3.0 Stealth
 - Level 8.0 Shields
 - Level 13.0 Spellcasting
 - Level 7.0 Conjurations
 - Level 2.0 Translocations
 - Level 12.0 Fire Magic
 + Level 20.1 Ice Magic
 - Level 4.0 Air Magic
 - Level 4.0 Earth Magic
 - Level 4.0 Alchemy
 - Level 7.0 Evocations


You had 5 spell levels left.
You knew the following spells:

 Your Spells              Type           Power      Damage    Failure   Level
a - Foxfire               Conj/Fire      100%       2x1d9     1%          1
b - Scorch                Fire           100%       2d9       1%          2
c - Volatile Blastmotes   Fire/Tloc      100%       2d18      1%          3
d - Sticky Flame          Fire/Alch      54%        2d10      1%          4
e - Fulminant Prism       Conj/Alch      21%        3d12      1%          4
f - Freezing Cloud        Conj/Ice/Air   31%        6-21      1%          5
g - Fireball              Conj/Fire      29%        3d13      1%          5
h - Passwall              Erth           36%        N/A       1%          3
i - Swiftness             Air            36%        N/A       1%          3
j - Polar Vortex          Ice            43%        12d5*     13%         9

Your spell library contained the following spells:

 Spells                   Type           Power      Damage    Failure   Level
 Ignition                 Fire           33%        3d10      22%         8
 Chain Lightning          Conj/Air       21%        3d28      99%         9
 Magic Dart               Conj           100%       1d8       1%          1
 Sandblast                Erth           72%        2d16      1%          1
 Shock                    Conj/Air       100%       1d9       1%          1
 Searing Ray              Conj           100%       2d8       1%          2
 Inner Flame              Hex/Fire       46%        N/A       1%          3
 Stone Arrow              Conj/Erth      86%        3d12      1%          3
 Airstrike                Air            18%        2d(3-19)  1%          4
 Brom's Barrelling Bould  Conj/Erth      43%        2d6       1%          4
 Flame Wave               Conj/Fire      59%        2d14      1%          4
 Gell's Gravitas          Tloc           26%        N/A       2%          3
 Teleport Other           Tloc           26%        N/A       2%          3
 Call Canine Familiar     Summ           16%        N/A       6%          3
 Sigil of Binding         Hex            16%        N/A       6%          3
 Passage of Golubria      Tloc           26%        N/A       9%          4
 Dimensional Bullseye     Hex/Tloc       10%        N/A       14%         4
 Silence                  Hex/Air        13%        N/A       26%         5
 Summon Forest            Summ/Tloc      10%        N/A       34%         5
 Eringya's Noxious Bog    Alch           18%        4d6       14%         6
 Dispersal                Tloc           13%        N/A       77%         6
 Lehudib's Crystal Spear  Conj/Erth      21%        10d6      92%         8
 Summon Hydra             Summ           8%         N/A       100%        7


Dungeon Overview and Level Annotations

Branches:
Dungeon (15/15)            Temple (1/1) D:5            Lair (5/5) D:8
 Shoals (1/4) Lair:2        Snake (4/4) Lair:3        Slime (0/5) Lair:4
    Orc (1/2) D:9          Vaults (3/5) D:13         Depths (0/4) D:15
  Sewer (visited)           IceCv (visited)         Volcano (visited)
  Crypt: Vaults:2-3

Altars:
Ashenzari
Cheibriados
Dithmenos
Fedhas
Gozag
Hepliaklqana
Kikubaaqudgha
Makhleb
Nemelex Xobeh
Okawaru
Qazlal
Ru
Sif Muna
Trog
Uskayaw
Vehumet
Wu Jian
Xom
Yredelemnul
Jiyva

Shops:
D:1 [   D:3 =   D:8 [*[==   D:13 *   D:15 !   Orc:1 =   Snake:3 *(
Snake:4 (([(   Vaults:1 (

Annotations:
D:8 3 runed translucent doors, raetorn's ghost, novice DjCj
D:14 3 runed translucent doors, Pios Xaciraj's ghost, journeyman DgHW
Lair:4 3 runed translucent doors, lurch's ghost, journeyman DrCj
Orc:1 2 transporters, topfpfpflanze's ghost, novice FeSh
Vaults:2 Mennas
Vaults:3 Jory


Innate Abilities, Weirdness & Mutations

Your natural rate of healing is accelerated.
You have razor-sharp teeth.
You have supernaturally acute eyesight. (SInv)
You are afflicted with vampirism and can become a bat while bloodless.


Message History

You kill the yaktaur captain!
Vehumet accepts your kill.
You feel your power returning.
The winds around you start to calm down.
You start resting.
You are engulfed in whirling frost.
You start resting.
The winds around you calm down.
HP restored.
There is an open door here.
There is an open door here.
There is an open door here.
You reach down and open the door.
There is an open door here.
There is an open door here.
Jory the Bloodstained Count comes into view.
He is wielding a +3 vampiric great sword.
Jory shouts!
Jory mumbles some strange words.
Jory attempts to bespell you! You resist with some effort.
Jory gestures at you while chanting.
Jory blinks!
You shoot a sling bullet. The sling bullet hits Jory!
Jory is lightly damaged.
Jory hits you with a +3 vampiric great sword!!!
Jory bites you but does no damage.
Jory hits you with a +3 vampiric great sword!!!
* * * LOW HITPOINT WARNING * * *
Jory draws strength from your wounds! Jory bites you but does no damage.
Casting: Polar Vortex (dangerous; 13% risk of failure)
Confirm with . or Enter, or press ? or * to list all spells.
A great freezing vortex appears around you.
Jory is momentarily overtaken with rage!
Jory hits you with a +3 vampiric great sword.
* * * LOW HITPOINT WARNING * * *
Jory bites you.
* * * LOW HITPOINT WARNING * * *
Jory points at you and mumbles some strange words.
The crystal spear hits you!!!!
Ouch! That really hurt!
You die...
Jory screams, "Yes, yes!"

#.....##'##.....#.######.........
##...#'...'#...##.##...#.#...).#.
######.....#########...#.........
# #'...'#...#####...#''#...###
#.....##'##.....'.........#...'..
##...##...##...##.#..#..#.#...#.#
.#####.....######.........#####..
.....##...##..§§#################
......###'#..§§§@§§§.............
.............§§§§V§§.............
.............§§§§§§§.............
##########'####§§################
####...##..# #......##..#
#......##..# #......##..#
###....##..#


You could see Jory.

Vanquished Creatures
  Mara (Snake:3)
  Rupert (D:13)
  Jorgrun (D:14)
  3 sphinxes
  Aizul (Snake:3)
  2 nagarajas (Snake:4)
  6 vault wardens
  2 orc warlords
  A formless jellyfish (Vaults:2)
  A stone giant (D:11)
  6 ironbound preservers
  6 ironbound thunderhulks
  Snorg (D:13)
  2 entropy weavers
  A fire dragon (D:15)
  4 great orbs of eyes (Vaults:1)
  6 yaktaur captains
  4 salamander tyrants
  11 vault guards
  Erolcha (D:9)
  5 hydras
  A catoblepas (D:11)
  A peacekeeper (Vaults:3)
  5 centaur warriors
  2 ice dragons
  6 ironbound frosthearts
  An ogre mage (D:15)
  12 anacondas
  9 boulder beetles
  A merfolk aquamancer (Shoals:1)
  13 two-headed ogres
  7 naga warriors
  A hell hog (Lair:5)
  A deep troll earth mage (D:11)
  19 death yaks
  7 tengu warriors
  12 naga sharpshooters
  2 skysharks
  Amaemon (Lair:2)
  11 shock serpents
  2 salamander mystics
  13 deep trolls
  5 arcanists
  A glowing orange brain (Vaults:2)
  12 mana vipers
  9 naga ritualists
  12 lindwurms
  Pikel (D:9)
  9 orc knights
  2 necromancers (Vaults:1)
  7 ironbound convokers
  A harpy (shapeshifter) (D:11)
  15 deep elf pyromancers
  2 deep elf archers (Volcano)
  10 cyclopes
  14 salamanders
  An orc sorcerer (Orc:1)
  2 wolf spiders (Lair:5)
  21 ugly things
  6 manticores
  3 meliai (D:13)
  6 guardian serpents
  33 black mambas
  20 elephants
  14 naga magi
  6 vault sentinels
  8 gargoyles
  4 unseen horrors
  An orange demon (Lair:2)
  10 torpor snails
  11 cane toads
  13 yaktaurs
  2 kobold demonologists
  7 komodo dragons
  2 tengu conjurers
  4 rime drakes
  4 freezing wraiths
  10 polar bears
  3 tyrant leeches (Lair:5)
  13 trolls
  14 blink frogs
  2 raiju (Lair:5)
  7 hornets (Lair:5)
  2 dream sheep (Lair:5)
  30 slime creatures
  4 shadows
  36 yaks
  A centaur simulacrum (D:12)
  3 vampires
  A water elemental (D:14)
  4 wraiths
  2 spriggans (Lair:1)
  6 wyverns
  4 fire elementals (Volcano)
  8 wargs
  3 basilisks
  A steam dragon (D:9)
  9 vampire mosquitoes
  A redback (D:12)
  22 water moccasins
  4 acid dragons
  2 great orb of eyes simulacra (IceCv)
  34 nagas
  17 hell hounds
  An ice beast (D:7)
  15 orc warriors
  13 black bears
  A sky beast (D:6)
  A crocodile (Sewer)
  28 wolves
  8 centaurs
  2 lemures (D:9)
  8 ogres
  5 kobold brigands
  Blork the orc (D:5)
  21 bullfrogs
  2 glowing shapeshifter simulacra (IceCv)
  2 gnoll sergeants
  6 wights
  10 killer bees
  2 electric eels
  A bombardier beetle (D:3)
  8 howler monkeys
  A jelly (Lair:4)
  3 lava snakes (Lair:3)
  A hound (D:6)
  18 orc priests
  A gnoll bouda (D:5)
  A sleepcap (D:5)
  Natasha (thrice) (D:3)
  2 iguanas
  12 orc wizards
  16 gnolls
  8 adders
  A shadow imp (D:5)
  2 ufetubi (D:5)
  A dart slug (D:5)
  A ribbon worm (D:2)
  53 orcs
  10 endoplasms
  3 giant cockroaches
  4 hobgoblins
  5 jackals
  7 quokkas
  5 ball pythons
  5 bats (D:1)
  6 frilled lizards
  6 goblins
  22 kobolds
  11 rats
  2 butterflies (Lair:4)
  A foxfire (Lair:1)
1060 creatures vanquished.

Vanquished Creatures (collateral kills)
  An elephant (D:8)
  A meliai (D:8)
  A black mamba (Snake:3)
  A wight (D:8)
  16 foxfires
20 creatures vanquished.

Vanquished Creatures (others)
  A manticore (D:14)
  A black mamba (Snake:3)
  An unseen horror (D:12)
  1398 foxfires
  16 fulminant prisms
  4 tentacles (Shoals:1)
1421 creatures vanquished.

Grand Total: 2501 creatures vanquished

Notes
Turn   | Place    | Note
-------+----------+-------------------------------------------
     0 | D:1      | GordonOverkill the Vampire Fire Elementalist began the
                  | quest for the Orb.
     0 | D:1      | Reached XP level 1. HP: 13/13 MP: 3/3
   189 | D:1      | Reached skill level 1 in Conjurations
   347 | D:1      | Found Xuokleux's Antique Armour Boutique.
   357 | D:1      | Found a faded altar of an unknown god.
   483 | D:1      | Reached XP level 2. HP: 19/19 MP: 0/5
  1195 | D:1      | Learned a level 2 spell: Scorch
  2189 | D:2      | Gained mutation: You are afflicted with vampirism and can
                  | become a bat while bloodless. [Vampire growth]
  2189 | D:2      | Reached XP level 3. HP: 24/24 MP: 3/6
  3375 | D:2      | Noticed an ogre
  3389 | D:2      | Killed an ogre
  3390 | D:2      | Reached skill level 1 in Fighting
  3390 | D:2      | Reached XP level 4. HP: 32/32 MP: 2/8
  3818 | D:3      | Found Rohoics's One-of-a-Kind Rings.
  3927 | D:3      | Reached XP level 5. HP: 30/39 MP: 1/9
  4809 | D:3      | Noticed Natasha
  4814 | D:3      | Killed Natasha
  4815 | D:3      | Reached skill level 1 in Evocations
  4923 | D:3      | Found a hide-covered altar of Uskayaw.
  4923 | D:3      | Found an ornate altar of the Wu Jian Council.
  5275 | D:3      | Noticed Natasha
  5295 | D:3      | Killed Natasha
  5296 | D:3      | Reached XP level 6. HP: 35/47 MP: 2/10
  5359 | D:3      | Learned a level 3 spell: Volatile Blastmotes
  5392 | D:3      | Noticed Natasha
  5397 | D:3      | Killed Natasha
  5652 | D:3      | Found a broken altar of Ashenzari.
  6108 | D:4      | Identified the +7 sling of Inumn {heavy, rF++ rC++ Str-4}
  6780 | D:4      | Reached skill level 1 in Translocations
  7237 | D:5      | Entered Level 5 of the Dungeon
  7561 | D:5      | Reached XP level 7. HP: 52/52 MP: 7/11
  7790 | D:5      | Found a staircase to the Ecumenical Temple.
  7799 | Temple   | Entered the Ecumenical Temple
  7810 | Temple   | Became a worshipper of Vehumet
  7871 | D:5      | Found a glowing drain.
  7876 | Sewer    | Entered a sewer
  8572 | D:5      | Reached * piety under Vehumet
  8572 | D:5      | Offered knowledge of Sting by Vehumet.
  8896 | D:5      | Noticed Blork the orc
  8906 | D:5      | Killed Blork the orc
  9306 | D:6      | Got the Atlas of Fate
  9499 | D:6      | Reached XP level 8. HP: 58/58 MP: 7/14
  9504 | D:6      | Learned a level 4 spell: Sticky Flame
  9823 | D:6      | Identified the +1 mace "Jofoe" {flame, Str+6}
  9860 | D:6      | Reached skill level 5 in Spellcasting
 10465 | D:7      | Reached skill level 1 in Alchemy
 10562 | D:7      | HP: 2/51 [wight/+3 mace (3)]
 10985 | D:6      | Reached skill level 5 in Fire Magic
 11270 | D:7      | Found an opulent altar of Gozag.
 11768 | D:8      | Reached XP level 9. HP: 65/65 MP: 10/16
 11818 | D:8      | Reached ** piety under Vehumet
 11818 | D:8      | Offered knowledge of Sandblast by Vehumet.
 11822 | D:8      | Noticed an elephant
 12718 | D:8      | Noticed raetorn's ghost (novice DjCj)
 12718 | D:8      | Found a runed translucent gate.
 12718 | D:8      | Found a runed translucent gate.
 12718 | D:8      | Found a runed translucent gate.
 12736 | D:8      | Found Naurusk's Assorted Antiques.
 12751 | D:8      | Bought a potion of curing for 93 gold pieces
 12751 | D:8      | Bought a scroll of fear for 124 gold pieces
 12751 | D:8      | Bought a tapered lead wand for 124 gold pieces
 12755 | D:8      | Found a staircase to the Lair.
 12801 | D:8      | Noticed a meliai
 12825 | D:8      | Killed an elephant
 12830 | D:8      | Killed a meliai
 12831 | D:8      | Reached skill level 5 in Conjurations
 12837 | D:8      | Reached skill level 5 in Fighting
 13000 | D:8      | Found Efinom's Antique Armour Emporium.
 13327 | D:8      | Reached XP level 10. HP: 68/74 MP: 10/19
 13399 | D:8      | Found Asao's Jewellery Shop.
 13425 | D:8      | Found Puopteif's Jewellery Shoppe.
 13933 | D:8      | Found Ciarriess's Antique Armour Emporium.
 14055 | D:8      | Offered knowledge of Static Discharge by Vehumet.
 14212 | D:9      | Noticed Erolcha
 14220 | D:9      | Killed Erolcha
 14427 | D:9      | Noticed a rust devil
 14445 | D:9      | Noticed an orange demon
 14534 | D:9      | Identified the +7 ring mail of Kindness {rC- rN+ Slay+6}
 15283 | D:9      | Reached *** piety under Vehumet
 15510 | D:9      | Noticed Pikel
 15561 | D:9      | Killed Pikel
 16349 | D:9      | Found a staircase to the Orcish Mines.
 16594 | D:10     | Entered Level 10 of the Dungeon
 17233 | D:10     | Reached XP level 11. HP: 79/79 MP: 14/21
 17412 | D:10     | Noticed a two-headed ogre
 17434 | D:10     | Killed a two-headed ogre
 18021 | D:10     | Learned a level 4 spell: Fulminant Prism
 18936 | D:10     | Found a hazy altar of Hepliaklqana.
 18937 | D:10     | Found a faded altar of an unknown god.
 19177 | D:11     | Noticed a red ugly thing
 19195 | D:11     | Killed a red ugly thing
 19319 | D:11     | Noticed a two-headed ogre
 19352 | D:11     | Killed a two-headed ogre
 19358 | D:11     | Reached skill level 10 in Fire Magic
 19843 | D:11     | Offered knowledge of Ignite Poison by Vehumet.
 19884 | D:11     | Noticed a two-headed ogre
 19888 | D:11     | Killed a two-headed ogre
 20113 | D:11     | Noticed a boulder beetle
 20412 | Lair:1   | Entered Level 1 of the Lair of Beasts
 20920 | Lair:1   | Identified the +2 robe of Mytzuub {Harm rN+}
 20964 | Lair:1   | Reached XP level 12. HP: 81/92 MP: 10/22
 22885 | Lair:1   | Reached **** piety under Vehumet
 23155 | Lair:2   | Noticed Amaemon
 23162 | Lair:1   | Offered knowledge of Freezing Cloud by Vehumet.
 23182 | Lair:1   | Learned a level 5 spell: Freezing Cloud
 23194 | Lair:2   | Reached skill level 5 in Dodging
 23261 | Lair:2   | Reached skill level 1 in Ice Magic
 23288 | Lair:2   | You fall into a shaft and drop 2 floors!
 23308 | Lair:4   | Noticed a death yak
 23308 | Lair:4   | Noticed a death yak
 23308 | Lair:4   | Noticed a death yak
 23342 | Lair:4   | Found a runed translucent gate.
 23342 | Lair:4   | Found a runed translucent gate.
 23343 | Lair:4   | Found a runed translucent gate.
 23409 | Lair:2   | Reached skill level 2 in Ice Magic
 23440 | Lair:2   | Found a dark tunnel.
 23446 | Volcano  | Entered a volcano
 23513 | Volcano  | Reached skill level 3 in Ice Magic
 23569 | Volcano  | Reached skill level 4 in Ice Magic
 23658 | Volcano  | Reached skill level 5 in Ice Magic
 23721 | Volcano  | Reached skill level 6 in Ice Magic
 23742 | Volcano  | Reached skill level 7 in Ice Magic
 24020 | Lair:2   | Reached XP level 13. HP: 98/98 MP: 15/25
 24107 | Lair:2   | Reached skill level 8 in Ice Magic
 24236 | Lair:2   | Identified the +3 falchion of the Final Decision {drain,
                  | rCorr}
 24383 | Lair:2   | Killed Amaemon
 24506 | Lair:2   | Found a staircase to the Shoals.
 24794 | Lair:2   | Reached skill level 9 in Ice Magic
 25033 | Lair:2   | Reached skill level 10 in Ice Magic
 26115 | Lair:3   | Reached ***** piety under Vehumet
 26201 | Lair:3   | Offered knowledge of Fireball by Vehumet.
 26202 | Lair:3   | Reached skill level 11 in Ice Magic
 26208 | Lair:3   | Learned a level 5 spell: Fireball
 27065 | Lair:3   | Found a staircase to the Snake Pit.
 27735 | Lair:4   | Reached skill level 10 in Spellcasting
 27990 | Lair:4   | Found a viscous altar of Jiyva.
 28272 | Lair:4   | Reached XP level 14. HP: 84/108 MP: 8/28
 28411 | Lair:4   | Noticed lurch's ghost (journeyman DrCj)
 28415 | Lair:4   | Found a staircase to the Slime Pits.
 29416 | Lair:4   | Learned a level 3 spell: Passwall
 29424 | Lair:5   | Entered Level 5 of the Lair of Beasts
 29543 | Lair:5   | Reached skill level 10 in Fighting
 29892 | Lair:5   | Reached skill level 5 in Evocations
 30323 | Lair:4   | Reached skill level 12 in Ice Magic
 31145 | Lair:5   | Reached skill level 13 in Ice Magic
 31960 | Lair:5   | Offered knowledge of Lee's Rapid Deconstruction by Vehumet.
 32036 | Lair:5   | Reached skill level 14 in Ice Magic
 32922 | Lair:5   | Reached XP level 15. HP: 115/115 MP: 13/29
 33441 | Lair:5   | Identified a scroll of acquirement
 33442 | Lair:5   | Acquired 1122 gold pieces
 33575 | D:8      | Bought the ring of Zaisaet {rPois rN+ MP+9 Int+5} for 642
                  | gold pieces
 33579 | D:8      | Bought an amulet of magic regeneration for 420 gold pieces
 33612 | D:8      | Bought a pair of jewelled boots for 266 gold pieces
 33612 | D:8      | Identified the +2 pair of boots of the Dwarven Hall {+Inv
                  | rPois Str+3} (You bought it in a shop on level 8 of the
                  | Dungeon)
 33641 | D:8      | Bought a shiny buckler for 255 gold pieces
 34284 | D:11     | Reached skill level 15 in Ice Magic
 34773 | D:11     | Offered knowledge of Ozocubu's Refrigeration by Vehumet.
 35151 | D:11     | Noticed a sphinx
 35571 | D:11     | Killed a sphinx
 35827 | D:11     | Reached skill level 1 in Shields
 36992 | D:12     | Reached skill level 5 in Shields
 37107 | D:12     | Identified the ring "Qisod" {rF+ EV+5}
 37111 | D:12     | Identified the ring "Ixig" {rElec EV+5 Slay+3}
 37282 | D:12     | Identified the ring "Vatiffadd" {*Corrode rElec rPois rN+
                  | Dex+3}
 37346 | D:12     | Identified the ring of Zin's Condemnation {Fly rPois rN+
                  | Will+ Stlth-}
 38189 | D:13     | Offered knowledge of Plasma Beam by Vehumet.
 38622 | D:13     | Noticed Snorg
 38630 | D:13     | Killed Snorg
 38827 | D:13     | Found a gate to the Vaults.
 38859 | D:13     | Reached XP level 16. HP: 122/122 MP: 29/32
 39032 | D:13     | Found Kelocsum's Assorted Antiques.
 39041 | D:13     | Bought a scroll of enchant armour for 210 gold pieces
 39041 | D:13     | Bought a scroll of revelation for 210 gold pieces
 39591 | D:13     | Noticed Rupert
 39608 | D:13     | Killed Rupert
 40516 | D:14     | Found a runed translucent gate.
 40516 | D:14     | Found a runed translucent gate.
 40516 | D:14     | Found a runed translucent gate.
 40516 | D:14     | Noticed Pios Xaciraj's ghost (journeyman DgHW)
 40516 | D:14     | Noticed Pios Xaciraj's ghost (journeyman DgHW)
 40869 | D:15     | Entered Level 15 of the Dungeon
 42277 | D:15     | Reached skill level 16 in Ice Magic
 42444 | D:15     | Noticed Jorgrun
 42665 | D:15     | Found Loaq's Distillery.
 42699 | D:14     | Killed Jorgrun
 42797 | D:15     | Bought a potion of invisibility for 144 gold pieces
 42797 | D:15     | Bought a potion of curing for 54 gold pieces
 42797 | D:15     | Bought a potion of invisibility for 144 gold pieces
 42797 | D:15     | Bought a potion of cancellation for 144 gold pieces
 42911 | D:15     | Offered knowledge of Iskenderun's Battlesphere by Vehumet.
 43014 | D:15     | Found a staircase to the Depths.
 43301 | Orc:1    | Entered Level 1 of the Orcish Mines
 43929 | Orc:1    | Found Zen Noph's Jewellery Shop.
 44042 | Orc:1    | Found a transporter.
 44043 | Orc:1    | Found a transporter.
 44044 | Orc:1    | Noticed topfpfpflanze's ghost (novice FeSh)
 44221 | Orc:1    | Learned a level 3 spell: Swiftness
 44389 | Snake:1  | Entered Level 1 of the Snake Pit
 44447 | Snake:1  | Reached skill level 17 in Ice Magic
 44622 | Snake:1  | Reached skill level 1 in Air Magic
 44639 | Snake:1  | Found a burning altar of Makhleb.
 44660 | Snake:1  | Reached skill level 1 in Earth Magic
 46840 | Snake:2  | Reached XP level 17. HP: 131/131 MP: 33/33
 47289 | Snake:3  | Found Irchaf's Antique Weapon Shoppe.
 47294 | Snake:3  | Found Goofa Zoza's General Store.
 47302 | Snake:3  | Identified the serpent talisman of Qev Cyr {rN+}
 47302 | Snake:3  | Noticed Aizul
 47330 | Snake:3  | Killed Aizul
 47355 | Snake:3  | Noticed Mara
 47678 | Snake:3  | Offered knowledge of Arcjolt by Vehumet.
 47931 | Snake:3  | Reached skill level 18 in Ice Magic
 48168 | Snake:3  | Killed Mara
 48783 | Snake:3  | Bought a wand of light (3) for 189 gold pieces
 49560 | Snake:4  | Entered Level 4 of the Snake Pit
 49624 | Snake:4  | Found a glacial archway.
 49661 | IceCv    | Entered an ice cave
 49909 | Snake:4  | Reached skill level 19 in Ice Magic
 50164 | Snake:4  | Found Haofoh's Antique Weapon Shoppe.
 50170 | Snake:4  | Found Seufiycw's Antique Armour Shoppe.
 50170 | Snake:4  | Found Zuzxef's Weapon Emporium.
 50193 | Snake:4  | Found Bevigi's Weapon Emporium.
 50206 | Snake:4  | Bought a runed robe for 125 gold pieces
 50206 | Snake:4  | Bought a glowing robe for 125 gold pieces
 50206 | Snake:4  | Bought a pair of runed gloves for 255 gold pieces
 50283 | Snake:4  | Found the +3 pair of gauntlets of War {Slay+5}
 51437 | Snake:4  | Offered knowledge of Bombard by Vehumet.
 51511 | Snake:4  | Reached skill level 20 in Ice Magic
 51834 | Snake:4  | Got a serpentine rune of Zot
 52312 | Shoals:1 | Entered Level 1 of the Shoals
 52335 | Shoals:1 | Noticed a kraken
 52753 | Vaults:1 | Entered Level 1 of the Vaults
 52827 | D:13     | Reached XP level 18. HP: 118/138 MP: 11/34
 53353 | Vaults:1 | Identified the +5 sling "Xemmat" {freeze, Int+3 Dex+4}
 53822 | Vaults:1 | Found Jeytwaem's Weapon Boutique.
 55699 | Vaults:2 | Identified the +3 leather armour of Action {*Corrode rElec
                  | Str+8 Int+3}
 55790 | Vaults:2 | Noticed Mennas
 55936 | Vaults:2 | Paralysed by a formless jellyfish for 1 turns
 56560 | Vaults:2 | Noticed a bone dragon
 57788 | Vaults:3 | Reached ****** piety under Vehumet
 58439 | Vaults:3 | Reached XP level 19. HP: 131/151 MP: 29/36
 58602 | Vaults:3 | Offered knowledge of Chain Lightning by Vehumet.
 58602 | Vaults:3 | Offered knowledge of Polar Vortex by Vehumet.
 58602 | Vaults:3 | Offered knowledge of Ignition by Vehumet.
 58736 | Vaults:2 | Learned a level 9 spell: Polar Vortex
 58983 | Vaults:3 | Noticed Jory
 58995 | Vaults:3 | Killed from afar by Jory

Illustrated notes

Levels and vault maps discovered:
D:1:      lightli_arrival_quake, layout_basic, serial_shops, shop,
          chequers_ecumenical_altar_simple
D:2:      layout_loops_ring, lexackson_kobold_supper
D:3:      layout_basic, gammafunk_temple_overflow_pools, general_overflow_altar,
          nicolae_shop_unique_rings, palyth_stone_intersect,
          kennysheep_flooded_box, corexii_shack, minmay_hedge_maze, hex_large,
          uniq_natasha
D:4:      layout_basic
D:5:      layout_basic, minmay_temple_entry_gardened_gates,
          gup_sewer_entry_spiral, uniq_blork_the_orc
D:6:      layout_cave_pods, nicolae_concentric_dashed_squares_wild
D:7:      layout_rooms, nicolae_gozag_cash_rules_everything_around_me
D:8:      layout_rooms, david_lair_generic, gammafunk_ghost_split, serial_shops,
          nicolae_shop_window_shopping, shop, shop, shop, shop,
          minmay_misc_feat_rows, minmay_three_doors
D:9:      layout_stronghold, david_orc_3, nicolae_fountain_basement,
          uniq_erolcha, uniq_pikel
D:10:     minmay_inner_zag, layout_loops_ring,
          beargit_hepliaklqana_dungeon_heroes,
          mainiacjoe_overflow_surrounded_room
D:11:     nzn_winding_woodlands_huge [nzn_winding_woodlands_5x15_sidewinder,
          nzn_winding_woodlands_5x15_zeroes, nzn_winding_woodlands_5x15_twine,
          nzn_winding_woodlands_5x15_default,
          nzn_winding_woodlands_5x15_river_crossing,
          nzn_winding_woodlands_5x15_pool,
          nzn_winding_woodlands_5x15_split_checker,
          nzn_winding_woodlands_5x15_parted, nzn_winding_woodlands_5x15_pockets,
          nzn_winding_woodlands_5x15_concentric,
          nzn_winding_woodlands_center_lodge,
          nzn_winding_woodlands_center_diamonds,
          nzn_winding_woodlands_15x15_killbox], layout_loops_ring,
          gauntlet_entry_generic
D:12:     minmay_the_grid_triangle_9x9_recursive_3
          [minmay_the_grid_triangle_9x9_pentomino_pain,
          minmay_the_grid_triangle_9x9_empty,
          minmay_the_grid_triangle_9x9_zippers_horizontal,
          minmay_the_grid_triangle_9x9_prize_special,
          minmay_the_grid_triangle_9x9_dagger,
          minmay_the_grid_triangle_9x9_shrine,
          minmay_the_grid_triangle_9x9_sparse_checkered,
          minmay_the_grid_triangle_9x9_flanged_cone,
          minmay_the_grid_triangle_9x9_checkered], layout_irregular_city,
          serial_bayou_crossing
D:13:     layout_irregular_city, erik_vaults_2, serial_shops, shop,
          lemuel_old_faithful, uniq_snorg, uniq_rupert
D:14:     layout_cave_pools, kennysheep_cross_bottleneck,
          gammafunk_ghost_cemetery, lemuel_flamethrower_2
D:15:     grunt_enter_depths_hoard, layout_rooms, serial_shops, shop,
          uniq_jorgrun
Temple:   eino_temple_rhombus
Lair:1:   wad_woods_tower, layout_gridlike, serial_bayou_shore_a
Lair:2:   layout_chaotic_city, shoals_dummy_entry,
          nicolae_volcano_entry_hallway, grunt_megastairs_1,
          serial_bayou_shore_b, infiniplex_staircase_pool_2, uniq_amaemon
Lair:3:   layout_chaotic_city, nicolae_snake_entry_warm_welcome
Lair:4:   layout_layer_cave, slime_entry_2, gammafunk_ghost_necromancy,
          lemuel_fruit_fields, infiniplex_staircase_pool
Lair:5:   hangedman_lair_caniforms_friends, layout_long_grid, wormcave,
          minivault_25, nicolae_lair_run_with_the_wolves
Shoals:1: cheibrodos_shoals_oceanic_diplomacy, layout_shoals,
          nicolae_shoals_water_elemental_grotto
Snake:1:  layout_gridlike, basic_altar, grunt_megastairs_4
Snake:2:  layout_layer_cave, nicolae_elevator_lobby_asterisk
Snake:3:  cheibrodos_forgotten_conduit, layout_concentric_octagons,
          st_stairs_12, minmay_shop_star, uniq_mara, uniq_aizul
Snake:4:  johnstein_snake_rune_scales, layout_gridlike,
          portal_ice_cave_entry_frozen_things, nrook_guardian_serpent_ordinary,
          minmay_shoptagon
Orc:1:    layout_caves, gammafunk_ghost_smash, serial_shops,
          nicolae_shop_peninsula
Vaults:1: nicolae_vaults_display_case, v_misc_15, v_alt_pattern_5,
          vaults_room_grunt_arrival_ludios, nicolae_vaults_hallways_thing,
          dpeg_vaults_monster_box, v_rooms_5, nicolae_vaults_frosty_reception,
          nicolae_vaults_trapezoid_lopsided_3,
          nicolae_vaults_taking_the_gang_shopping, layout_vaults_omnibox
Vaults:2: vaults_dpeg_spiral, v_alt_pattern_2, v_rooms_2, vaults_room_fours,
          minmay_crypt_entry_nasty_monster, v_misc_5,
          nicolae_vaults_closet_pinwheel_4, layout_vaults_big_room, uniq_mennas,
          uniq_xtahua
Vaults:3: hangedman_vaults_locks, nicolae_vaults_offset_grid_hallway_2,
          nicolae_vaults_trapezoid_layered, v_misc_18, vaults_mumra_bighexcomb,
          nicolae_vaults_yaktaur_gun_rack, nicolae_vaults_trapezoid_lopsided_3,
          vaults_room_stairs_pillars, vaults_room_pools,
          layout_vaults_quadrants, serial_shops, shop, shop, shop, uniq_boris,
          uniq_jory, uniq_zenata

Skill      XL: |  1  2  3  4  5  6  7  8  9 10 11 12 13 14 15 16 17 18 19 |
---------------+----------------------------------------------------------+-----
Conjurations   | 1 2 3 4 5 7 |  7.0
Spellcasting   | 3 4 5 6 7 8 10 12 13 | 13.0
Fire Magic     | 3 4 5 7 8 10 11 12 | 12.0
Fighting       | 1 2 3 4 5 8 9 10 11 13 14 | 14.0
Evocations     | 2 3 5 7 |  7.0
Translocations | 2 |  2.0
Alchemy        | 3 4 |  4.0
Dodging        | 4 5 |  5.0
Ice Magic      | 7 11 14 15 17 20 | 20.1
Shields        | 5 7 8 |  8.0
Air Magic      | 3 4 |  4.0
Earth Magic    | 3 4 |  4.0
Stealth        | |  3.0

Action                     |  1- 3 |  4- 6 |  7- 9 | 10-12 | 13-15 | 16-18 | 19-21 || total
---------------------------+-------+-------+-------+-------+-------+-------+-------++-------
  Melee: Dagger            |     7 |     7 |    19 |    34 |    11 |    27 |       ||   105
         Bite              |     2 |     1 |     2 |     5 |     3 |     6 |       ||    19
         Short sword       |     1 |       |       |       |       |       |       ||     1
         Punch             |       |       |       |     1 |       |       |       ||     1
   Fire: Sling             |       |       |       |     8 |   218 |   280 |     4 ||   510
   Cast: Foxfire           |    97 |   173 |   254 |   327 |     1 |     3 |       ||   855
         Scorch            |     1 |     8 |    42 |    52 |    83 |    47 |     7 ||   240
         Volatile Blastmot |       |       |     2 |    46 |    32 |    24 |       ||   104
         Sticky Flame      |       |       |       |    82 |    86 |    75 |     3 ||   246
         Fulminant Prism   |       |       |       |    16 |       |       |       ||    16
         Freezing Cloud    |       |       |       |    19 |   167 |   197 |     1 ||   384
         Fireball          |       |       |       |       |   155 |   425 |       ||   580
         Swiftness         |       |       |       |       |       |     1 |       ||     1
         Polar Vortex      |       |       |       |       |       |       |     6 ||     6
  Evoke: Wand              |       |       |     6 |     8 |    23 |    12 |       ||    49
         Lightning rod     |       |       |       |       |       |     7 |       ||     7
         Sack of spiders   |       |       |       |       |       |     3 |       ||     3
    Use: Scroll            |       |     4 |    10 |    21 |    12 |    18 |       ||    65
         Potion            |       |       |       |     6 |     1 |    19 |       ||    26
   Stab: Sleeping          |     2 |     1 |     1 |     4 |     1 |       |       ||     9
         Paralysed         |       |       |       |     3 |     8 |       |       ||    11
 Armour: Robe              |     4 |    13 |   115 |   229 |   391 |   560 |    19 ||  1331
  Dodge: Dodged            |    14 |    10 |    71 |   140 |   240 |   247 |     3 ||   725
  Block: Buckler           |       |       |       |       |    44 |   198 |     8 ||   250
         Reflection        |       |       |       |       |     3 |    37 |     1 ||    41
